Cogmind - Beta 10.2 *** ADVENTURER MODE // 2022.02.03 @ 00:18:32 Player: User Result: Destroyed by C-40 Crusher with Compactor Performance ------------- Evolutions (6) 3000 Regions Visited (17) 3400 Robots Destroyed (170) 850 Value Destroyed (6529) 6529 Prototype IDs (5) 100 Alien Tech Used (0) 0 Bonus (3033) 3033 TOTAL SCORE: 16912 Bonus ------- High Alert Combat Kills 1431 Follower Combat Kills 14 Entered Garrisons 600 Used RIF Installer 1000 Friendly Fire -12 Cogmind --------- Core Integrity 0/1150 Matter 300/300 Energy 100/100 System Corruption 16% Temperature Cool (0) Movement Core (50) Location -4/Waste Parts ------- > --- POWER (2) -------- (None) > --- PROPULSION (4) --- (None) > --- UTILITY (10) ----- (None) > --- WEAPON (3) ------- (None) > --- INVENTORY (4) ---- Damper Plating Enhanced Nova Cannon Peak State ------------ > --- POWER ------------ Neutrino Core Neutrino Core > --- PROPULSION ------- Carbon-fiber Leg Carbon-fiber Leg Carbon-fiber Leg > --- UTILITY ---------- Advanced Heat Sink Large Storage Unit Matter Compressor Targeting Computer Quantum Capacitor Improved Light Armor Plating Makeshift Armor Plating Improved Focal Shield Point Defense Array > --- WEAPON ----------- HERF Cannon Coil Gun Coil Gun > --- INVENTORY -------- Light Nuclear Core Neutrino Core Medium Treads Advanced Coolant Injector Disruptor Cannon Autogun Magnetic Acceleration Cannon [Rating: 87] Favorites ----------- Power Light Nuclear Core Engine Light Angular Momentum Engine Power Core Light Nuclear Core Propulsion Carbon-fiber Leg Treads Light Treads Leg Carbon-fiber Leg Wheel Armored Huge Wheel Hover Unit Combat Airjet Utility Large Storage Unit Device Advanced Heat Sink Storage Large Storage Unit Processor Launcher Guidance Computer Hackware Relay Coupler [Grunt] Protection Improved Light Armor Plating Weapon Coil Gun Energy Gun Small Laser Energy Cannon Heavy Plasma Cannon Ballistic Gun Coil Gun Ballistic Cannon Magnetic Acceleration Cannon Launcher Mini Grenade Launcher Special Weapon Remote Datajack Slashing Weapon Katana Build | -11 -10 -10 -9 -9 -9 -9 -7 -7 -7 -6 -6 -6 -6 -6 -5 -4 -4 ------- Run | Scr Mat Min Mat Sto Gar Rec Fac Gar Fac Fac Gar Fac Low Low Fac Fac Was Slots Evolved 12 | . . . 2 . . . 4 . . 2 . . . . 2 2 . Power 1 | . . . 1 . . . . . . . . . . . . . . Propulsion 2 | . . . . . . . 1 . . . . . . . . 1 . Utility 8 | . . . 1 . . . 2 . . 2 . . . . 2 1 . Weapon 1 | . . . . . . . 1 . . . . . . . . . . Parts Attached 129 | . 2 6 5 12 10 4 5 20 13 16 16 6 5 1 1 3 4 Power 22 | . . 1 1 3 1 2 . 3 2 3 3 1 2 . . . . Engine 11 | . . 1 1 3 1 2 . . . 1 1 1 . . . . . Core 11 | . . . . . . . . 3 2 2 2 . 2 . . . . Reactor . | . . . . . . . . . . . . . . . . . . Propulsion 29 | . . 2 . 2 2 . 1 6 5 2 4 3 1 . . 1 . Treads 7 | . . 2 . 2 . . . 3 . . . . . . . . . Leg 16 | . . . . . . . . 3 5 . 4 2 1 . . 1 . Wheel 1 | . . . . . . . . . . . . 1 . . . . . Hover 5 | . . . . . 2 . 1 . . 2 . . . . . . . Flight . | . . . . . . . . . . . . . . . . . . Utility 32 | . 2 1 . 2 1 2 3 4 1 4 6 . 1 1 1 2 1 Device 10 | . . . . 1 . . . 3 . 1 2 . . . 1 1 1 Storage 4 | . 1 . . . . . 1 . . 1 . . . . . 1 . Processor 5 | . 1 1 . . 1 . . . . 1 . . . 1 . . . Hackware 2 | . . . . . . . . . 1 . 1 . . . . . . Protection 11 | . . . . 1 . 2 2 1 . 1 3 . 1 . . . . Artifact . | . . . . . . . . . . . . . . . . . . Weapon 46 | . . 2 4 5 6 . 1 7 5 7 3 2 1 . . . 3 Energy Gun 9 | . . 1 2 2 . . . 2 2 . . . . . . . . Energy Cannon 8 | . . . . . . . . 2 1 3 . . . . . . 2 Ballistic Gun 11 | . . . 1 3 2 . . . . 1 2 1 1 . . . . Ballistic Cannon 6 | . . . . . . . . 2 . 1 1 1 . . . . 1 Launcher 6 | . . 1 1 . 2 . 1 1 . . . . . . . . . Special Weapon 2 | . . . . . . . . . 2 . . . . . . . . Impact Weapon . | . . . . . . . . . . . . . . . . . . Slashing Weapon 4 | . . . . . 2 . . . . 2 . . . . . . . Piercing Weapon . | . . . . . . . . . . . . . . . . . . Special Melee Weapon . | . . . . . . . . . . . . . . . . . . Unidentified Prototypes 1 | . . . 1 . . . . . . . . . . . . . . Parts Lost 57 | . . 1 2 5 4 . 1 16 1 10 5 1 1 . . 2 8 Power 16 | . . . 1 1 2 . . 3 1 3 1 1 1 . . . 2 Propulsion 10 | . . . . 2 . . . 5 . 1 . . . . . 1 1 Utility 12 | . . . . . . . 1 3 . 1 4 . . . . 1 2 Weapon 19 | . . 1 1 2 2 . . 5 . 5 . . . . . . 3 Highest Loss Streak 8 | . . 1 1 2 3 . 1 8 1 5 4 1 1 . . 2 8 Average Slot Usage (%) 86 | . 86 100 80 87 90 91 95 73 94 83 87 92 92 93 85 84 24 Engine 7 | . 14 14 14 16 14 13 15 . . 1 5 7 6 . . . . Core 4 | . . . . . . . . 4 13 9 5 4 5 13 11 10 2 Treads 4 | . . 7 22 20 4 . . 5 . . . . . . . . . Leg 11 | . 28 20 . . . . . 2 19 5 16 19 20 20 17 17 3 Hover 3 | . . . . . 17 22 20 6 . 4 . . . . . . . Device 4 | . . . . 5 . . . 4 9 10 5 6 6 6 8 12 6 Storage 10 | . 14 14 11 11 11 11 14 15 15 13 10 6 6 6 5 7 2 Processor 7 | . 1 14 11 11 11 11 7 7 7 13 2 . . 1 5 5 1 Hackware 2 | . . . . . . . . . 5 6 4 6 6 4 . . . Protection 8 | . . . . 2 11 11 14 5 . 1 11 20 19 20 17 13 2 Energy Gun 4 | . 28 18 9 3 . . . 3 5 2 . . . . . . . Energy Cannon 1 | . . . . . . . . 4 10 5 . . . . . . 1 Ballistic Gun 6 | . . . 7 17 3 11 7 2 . . 11 13 13 13 11 10 2 Ballistic Cannon 2 | . . . . . . . . 2 . . 6 6 6 6 5 5 . Launcher 2 | . . 9 5 . 9 11 15 4 . . . . . . . . . Naked Turns 71 | . . . . . . . . . . . . . . . . . 71 Heaviest Build 95 | 12 24 27 34 34 34 33 40 53 54 57 69 57 74 74 76 95 88 Greatest Support 60 | 20 20 40 40 40 44 44 50 50 38 38 45 45 45 45 45 60 45 Greatest Overweight (x) 5 | . 1 1 . 1 1 . . 5 4 2 1 3 1 1 1 1 1 Average Overweight (x) . | . . . . . . . . . 1 1 . 1 1 1 1 1 . Largest Inventory Capacity 12 | . 12 10 10 10 10 10 10 10 10 10 10 4 4 4 4 10 10 Average Capacity 8 | . 9 10 10 10 10 10 10 10 10 10 8 4 4 4 4 7 5 Most Carried 10 | . 9 10 10 10 10 10 10 10 10 10 10 4 4 4 4 9 7 Average Carried 7 | . 7 9 8 6 9 9 9 9 9 8 6 3 3 3 3 4 4 Final Capacity 10 | 6 10 10 10 10 10 10 10 10 10 10 4 4 4 4 4 10 4 Final Carried 10 | 6 8 8 9 10 10 10 10 10 10 8 3 4 4 3 3 9 4 Class Distribution -------------------- 33% | Mutant 33% | Scavenger-Tank 26% | Scavenger-Mutant 5% | Scavenger-Gunner Dominant Class ---------------- Mutant | -10/Materials Mutant | -10/Mines Mutant | -9/Materials Mutant | -9/Storage Scavenger-Mutant | -9/Garrison Scavenger-Mutant | -9/Recycling Scavenger-Tank | -7/Factory Scavenger-Mutant | -7/Garrison Scavenger-Mutant | -7/Factory Mutant | -6/Factory Scavenger-Tank | -6/Garrison Scavenger-Tank | -6/Factory Scavenger-Tank | -6/Lower Caves Scavenger-Tank | -6/Lower Caves Scavenger-Tank | -5/Factory Scavenger-Tank | -4/Factory Mutant | -4/Waste Resources | -11 -10 -10 -9 -9 -9 -9 -7 -7 -7 -6 -6 -6 -6 -6 -5 -4 -4 ----------- Run | Scr Mat Min Mat Sto Gar Rec Fac Gar Fac Fac Gar Fac Low Low Fac Fac Was Matter Collected 4074 | 185 35 100 47 524 206 363 . 536 144 371 507 525 357 34 . 140 . Remotely . | . . . . . . . . . . . . . . . . . . Salvage Created 6462 | . 193 106 391 1054 700 575 154 720 226 363 612 519 351 34 . 168 296 Parts 314 | . 7 15 26 65 42 22 9 26 11 17 28 17 12 1 . 10 6 Haulers Intercepted 6 | . . . 1 3 . . . . . . . 1 . . . 1 . Recyclers Shooed 11 | . . . 1 3 . 4 . . . 1 . 2 . . . . . Parts Field Recycled . | . . . . . . . . . . . . . . . . . . Retrieved Matter . | . . . . . . . . . . . . . . . . . . Parts Self-Destructed 11 | . . . . . . . . . . . . . 11 . . . . Prevented . | . . . . . . . . . . . . . . . . . . Kills | -11 -10 -10 -9 -9 -9 -9 -7 -7 -7 -6 -6 -6 -6 -6 -5 -4 -4 ------- Run | Scr Mat Min Mat Sto Gar Rec Fac Gar Fac Fac Gar Fac Low Low Fac Fac Was Combat Hostiles Destroyed 135 | . 3 5 9 18 20 4 7 22 6 8 18 3 6 1 . 4 1 Melee 5 | . . . . . 2 . . . . 3 . . . . . . . Guns 58 | . 3 1 3 18 1 2 2 2 4 . 10 2 6 . . 3 1 Cannons 25 | . . . . . . . . 9 2 3 8 1 . 1 . 1 . AOE 47 | . . 4 6 . 17 2 5 11 . 2 . . . . . . . Classes Destroyed 18 | . 4 2 2 1 2 1 1 . . . 3 . 1 . . . 1 Worker 3 | . 1 . . 1 . . . . . . . 1 . . . . . Tunneler 2 | . . 1 1 . . . . . . . . . . . . . . Hauler 6 | . . . 1 3 . . . . . . . 1 . . . 1 . Recycler 17 | . 1 . 2 3 . 9 . . . . . 2 . . . . . Operator 1 | . . . . . . . 1 . . . . . . . . . . Drone 4 | . . . . . . 4 . . . . . . . . . . . Watcher 6 | . 1 . 1 1 . . . . . 1 . 2 . . . . . Swarmer 39 | . 3 3 4 4 7 . . . 2 3 7 2 . . . 4 . Grunt 52 | . . 2 3 8 5 . 6 15 3 1 5 . 4 . . . . Brawler 3 | . . . . . . . . . . . 3 . . . . . . Duelist 10 | . . . . 1 4 . . 2 . 2 1 . . . . . . Protector 1 | . . . . . . . . . . . 1 . . . . . . Sentry 18 | . . . 2 5 1 . . 5 1 2 . 1 1 . . . . Demolisher 1 | . . . . . . . . . . . 1 . . . . . . Specialist 1 | . . . . . 1 . . . . . . . . . . . . Hunter 4 | . . . . . 2 . 1 . . . . . . 1 . . . Behemoth 1 | . . . . . . . . . . . . . 1 . . . . Compactor 1 | . . . . . . . . . . . . . . . . . 1 Best Kill Streak 12 | . 3 3 6 12 7 5 7 9 3 3 4 3 4 1 . 4 1 Combat Bots Only 9 | . 3 3 3 9 7 3 7 9 3 3 4 2 4 1 . 4 1 Max Kills in Single Turn 3 | . 1 2 3 2 2 2 2 2 1 2 1 1 1 1 . 1 1 Gunslinging 1 | . . . . 1 . . . . . . . . . . . . . Exploded 2 | . . 2 2 . 2 1 2 2 . 2 . . . . . . . Melee 1 | . . . . . 1 . . . . 1 . . . . . . . Uniques/NPCs Destroyed . | . . . . . . . . . . . . . . . . . . Combat | -11 -10 -10 -9 -9 -9 -9 -7 -7 -7 -6 -6 -6 -6 -6 -5 -4 -4 -------- Run | Scr Mat Min Mat Sto Gar Rec Fac Gar Fac Fac Gar Fac Low Low Fac Fac Was Damage Taken 9211 | . 53 205 333 908 645 44 151 1617 228 936 1448 208 669 169 188 81 1328 Core 2630 | . 28 33 38 124 160 22 26 319 49 149 449 24 . 16 . . 1193 Absorbed by Shields 60 | . . . . . . . . 60 . . . . . . . . . Core Remaining (%) 59 | 100 . 75 . . . 14 . . 43 . . . . 24 100 . . Volleys Fired 399 | . 13 13 25 79 29 19 8 55 13 22 56 13 21 7 . 9 17 Largest 3 | . 2 2 2 2 1 2 3 3 2 2 3 3 3 3 . 3 2 Hottest 245 | . 90 105 110 88 30 53 83 245 170 180 171 106 113 113 . 113 120 Shots Fired 779 | . 25 23 44 123 29 27 22 94 25 36 155 39 63 21 . 27 26 Gun 490 | . 25 19 34 123 3 19 8 27 12 10 91 26 42 14 . 18 19 Cannon 201 | . . . . . . . . 41 13 26 64 13 21 7 . 9 7 Launcher 88 | . . 4 10 . 26 8 14 26 . . . . . . . . . Special . | . . . . . . . . . . . . . . . . . . Kinetic 512 | . . . 15 115 3 19 8 44 . 1 137 39 63 21 . 27 20 Thermal 161 | . 25 19 8 5 . . . 24 25 35 18 . . . . . 2 Explosive 88 | . . 4 10 . 26 8 14 26 . . . . . . . . . Electromagnetic 18 | . . . 11 3 . . . . . . . . . . . . 4 Robot Hit Streak 60 | . 4 13 17 32 15 13 30 60 11 11 30 19 36 12 . 13 14 Robot Miss Streak 5 | . 2 1 2 5 1 1 . 1 3 4 4 1 2 1 . 2 1 Penetration Max 1 | . . . . . . . . . . . 1 1 1 . . . . Secondary Targets 5 | . 1 . . 3 . . . . . . . . . . . . 1 Max Gunslinging Chain 1 | . 1 . . 1 . . . . . . . . . . . . 1 Capacitor 4 | . . . . . . . . . . . . . . . . . 4 Shots Hit Robots 635 | . 17 21 39 108 41 24 17 76 23 43 94 31 46 19 . 14 22 Core Hits 375 | . 8 9 27 46 49 18 23 66 13 17 37 16 15 3 . 6 22 Critical Hits 13 | . . . . 1 . . . 1 . 4 1 1 2 1 . 2 . Critical Kills 6 | . . . . 1 . . . 1 . 1 1 . 2 . . . . Critical Parts Destroyed 7 | . . . . . . . . . . 3 . 1 . 1 . 2 . Melee Attacks 41 | . . . . . 28 . . . . 13 . . . . . . . Impact . | . . . . . . . . . . . . . . . . . . Slashing 41 | . . . . . 28 . . . . 13 . . . . . . . Piercing . | . . . . . . . . . . . . . . . . . . Sneak Attacks 3 | . . . . . 2 . . . . 1 . . . . . . . Combat Hostiles 2 | . . . . . 2 . . . . . . . . . . . . Follow-up Attacks . | . . . . . . . . . . . . . . . . . . Damage Inflicted 18909 | . 200 481 973 1620 3922 727 1157 2613 435 1553 2103 701 1035 347 . 368 674 Guns 6793 | . 200 226 415 1620 41 223 107 394 270 163 1034 439 754 232 . 262 413 Cannons 3515 | . . . . . . . . 881 165 504 1069 262 281 115 . 106 132 Explosions 6414 | . . 255 558 . 2562 504 1050 1320 . 165 . . . . . . . Melee 2040 | . . . . . 1319 . . . . 721 . . . . . . . Ramming 147 | . . . . . . . . 18 . . . . . . . . 129 Kinetic 7380 | . . . 176 1479 41 223 107 747 . 23 1686 701 1035 347 . 368 447 Thermal 3064 | . 200 226 272 88 . . . 528 435 809 417 . . . . . 89 Explosive 6049 | . . 255 358 . 2562 504 1050 1320 . . . . . . . . . Electromagnetic 229 | . . . 167 53 . . . . . . . . . . . . 9 Impact . | . . . . . . . . . . . . . . . . . . Slashing 2040 | . . . . . 1319 . . . . 721 . . . . . . . Piercing . | . . . . . . . . . . . . . . . . . . Highest Corruption 16 | . . . 1 2 2 2 . . . . . . . . . . 16 Average Corruption 2 | . . . 1 1 2 2 . . . . . . . . . . 9 Corruption Purged . | . . . . . . . . . . . . . . . . . . Effects 18 | . . . 2 4 6 2 . . . . . . . . . . 4 Message Errors 5 | . . . . 1 3 1 . . . . . . . . . . . Heat Flow Errors 3 | . . . . . 1 1 . . . . . . . . . . 1 Energy Discharges 1 | . . . . 1 . . . . . . . . . . . . . Data Loss (minor) 4 | . . . 1 . . . . . . . . . . . . . 3 Targeting Errors 5 | . . . 1 2 2 . . . . . . . . . . . . Overload Shots . | . . . . . . . . . . . . . . . . . . Overflow Damage 640 | . . . 68 . 261 66 21 42 . 144 24 . 12 1 . 1 . Projectiles 51 | . . . . . . . . . . 13 24 . 12 1 . 1 . Explosions 302 | . . . 68 . 93 66 21 42 . 12 . . . . . . . Melee 287 | . . . . . 168 . . . . 119 . . . . . . . Knockbacks 12 | . . . . . . . . 4 . . 4 3 . 1 . . . Impact . | . . . . . . . . . . . . . . . . . . Kinetic 12 | . . . . . . . . 4 . . 4 3 . 1 . . . Secondary . | . . . . . . . . . . . . . . . . . . Self-Inflicted Damage 705 | . . 34 122 . 211 45 42 124 . . 68 . . . . . 59 Shots 23 | . . 2 2 . 6 2 2 8 . . 1 . . . . . . Rammed 39 | . . . . . . . . 6 . . . . . . . . 33 Targets Rammed 39 | . . . . . . . . 6 . . . . . . . . 33 Kicked . | . . . . . . . . . . . . . . . . . . Crushed . | . . . . . . . . . . . . . . . . . . Highest Temperature 738 | . 160 243 220 132 282 116 169 174 99 4 738 35 93 134 . 18 204 Average Temperature 85 | . 61 93 98 62 145 64 87 37 37 3 149 11 40 66 . 8 88 Received Heat Transfer 2511 | . . 93 105 384 51 . 63 780 75 327 351 42 147 . 93 . . Effects 22 | . . . . . . . . . . . 22 . . . . . . Shutdowns 3 | . . . . . . . . . . . 3 . . . . . . Energy Bleed 1 | . . . . . . . . . . . 1 . . . . . . Interference 6 | . . . . . . . . . . . 6 . . . . . . Short Circuit 3 | . . . . . . . . . . . 3 . . . . . . Damage (minor) 3 | . . . . . . . . . . . 3 . . . . . . Damage (major) 4 | . . . . . . . . . . . 4 . . . . . . Damage (core) 2 | . . . . . . . . . . . 2 . . . . . . Siege Activations . | . . . . . . . . . . . . . . . . . . Robots Corrupted . | . . . . . . . . . . . . . . . . . . Combat Hostiles . | . . . . . . . . . . . . . . . . . . Parts Fried . | . . . . . . . . . . . . . . . . . . Impact Corruptions . | . . . . . . . . . . . . . . . . . . Robots Melted . | . . . . . . . . . . . . . . . . . . Combat Hostiles . | . . . . . . . . . . . . . . . . . . Parts Melted 10 | . 1 1 1 . . . . 3 2 2 . . . . . . . Heat Transferred 5035 | . 533 546 240 110 . . . 933 850 1225 524 . . . . . 74 Parts Sabotaged . | . . . . . . . . . . . . . . . . . . Parts Stolen . | . . . . . . . . . . . . . . . . . . Parts Stripped . | . . . . . . . . . . . . . . . . . . Power Chain Reactions . | . . . . . . . . . . . . . . . . . . Missiles Intercepted . | . . . . . . . . . . . . . . . . . . Alert | -11 -10 -10 -9 -9 -9 -9 -7 -7 -7 -6 -6 -6 -6 -6 -5 -4 -4 ------- Run | Scr Mat Min Mat Sto Gar Rec Fac Gar Fac Fac Gar Fac Low Low Fac Fac Was Peak Influence 1341 | . 92 175 389 642 855 434 1341 1302 824 524 774 478 . . 62 114 33 Initial 1054 | . . 30 . 136 365 328 1054 827 592 347 230 351 . . 51 26 33 Average 443 | . 40 107 186 372 529 405 1155 1100 690 379 494 393 . . 54 55 8 Maximum Alert Level 4 | . . . 1 2 3 2 4 4 3 2 3 2 . . . . . Low Security (%) 26 | . 100 100 55 13 . . . . . . . . . . 100 100 100 Level 1 29 | . . . 44 48 32 29 . . . 85 33 59 . . . . . Level 2 24 | . . . . 37 48 70 . . 58 14 48 40 . . . . . Level 3 12 | . . . . . 18 . 65 41 41 . 17 . . . . . . Level 4 7 | . . . . . . . 34 58 . . . . . . . . . Level 5 . | . . . . . . . . . . . . . . . . . . High Security . | . . . . . . . . . . . . . . . . . . Max Security . | . . . . . . . . . . . . . . . . . . Squads Dispatched 10 | . . . 2 2 . . 2 . 1 2 . 1 . . . . . Investigation 3 | . . . 1 . . . . . 1 . . 1 . . . . . Extermination 1 | . . . . . . . . . . 1 . . . . . . . Reinforcement 3 | . . . 1 . . . 1 . . 1 . . . . . . . Assault . | . . . . . . . . . . . . . . . . . . Garrison 3 | . . . . 2 . . 1 . . . . . . . . . . Intercept . | . . . . . . . . . . . . . . . . . . Construction Impeded . | . . . . . . . . . . . . . . . . . . Haulers Reinforced . | . . . . . . . . . . . . . . . . . . Stealth | -11 -10 -10 -9 -9 -9 -9 -7 -7 -7 -6 -6 -6 -6 -6 -5 -4 -4 --------- Run | Scr Mat Min Mat Sto Gar Rec Fac Gar Fac Fac Gar Fac Low Low Fac Fac Was Distress Signals 4 | . . . 2 1 . . . . . . . 1 . . . . . Communications Jammed . | . . . . . . . . . . . . . . . . . . Distress Signals . | . . . . . . . . . . . . . . . . . . Times Spotted 163 | . 4 5 12 24 20 5 8 23 6 13 19 5 6 1 4 4 4 Peak Tracking Total 10 | . 3 3 4 8 6 3 5 10 3 3 4 2 4 1 4 3 3 Tactical Retreats 10 | . . . 1 2 1 . . 2 2 1 1 . . . . . . Traps | -11 -10 -10 -9 -9 -9 -9 -7 -7 -7 -6 -6 -6 -6 -6 -5 -4 -4 ------- Run | Scr Mat Min Mat Sto Gar Rec Fac Gar Fac Fac Gar Fac Low Low Fac Fac Was Traps Triggered 18 | . . . 1 1 1 . . 5 4 1 3 1 . . . 1 . Indirectly . | . . . . . . . . . . . . . . . . . . Trap Hack Attempts . | . . . . . . . . . . . . . . . . . . Triggered . | . . . . . . . . . . . . . . . . . . Disarmed . | . . . . . . . . . . . . . . . . . . Reprogrammed . | . . . . . . . . . . . . . . . . . . Reused . | . . . . . . . . . . . . . . . . . . Traps Extracted . | . . . . . . . . . . . . . . . . . . Installed . | . . . . . . . . . . . . . . . . . . Triggered . | . . . . . . . . . . . . . . . . . . Machines | -11 -10 -10 -9 -9 -9 -9 -7 -7 -7 -6 -6 -6 -6 -6 -5 -4 -4 ---------- Run | Scr Mat Min Mat Sto Gar Rec Fac Gar Fac Fac Gar Fac Low Low Fac Fac Was Machines Disabled 27 | . . . 5 . 1 2 5 1 . 6 4 2 . . . 1 . Max in Single Turn 6 | . . . 1 . 1 1 3 1 . 6 2 1 . . . 1 . Garrison Relay 4 | . . . . . 1 . . 1 . . 2 . . . . . . Phase Generator 1 | . . . . . . . . . . . 1 . . . . . . Machines Sabotaged . | . . . . . . . . . . . . . . . . . . Garrisons Compromised . | . . . . . . . . . . . . . . . . . . Overloaded Fab Kills . | . . . . . . . . . . . . . . . . . . Fab Network Shutdowns . | . . . . . . . . . . . . . . . . . . Hacking | -11 -10 -10 -9 -9 -9 -9 -7 -7 -7 -6 -6 -6 -6 -6 -5 -4 -4 --------- Run | Scr Mat Min Mat Sto Gar Rec Fac Gar Fac Fac Gar Fac Low Low Fac Fac Was Machines Accessed 17 | . 1 . 3 2 . 3 1 . 2 1 . 1 1 . 2 . . Terminals 10 | . . . 3 1 . 2 . . 2 . . 1 . . 1 . . Fabricators . | . . . . . . . . . . . . . . . . . . Repair Stations . | . . . . . . . . . . . . . . . . . . Recycling Units 3 | . 1 . . . . 1 . . . . . . . . 1 . . Scanalyzers . | . . . . . . . . . . . . . . . . . . Garrison Access 3 | . . . . 1 . . 1 . . 1 . . . . . . . Total Hacks 46 | . 3 . 7 5 . 12 1 . 5 2 . 3 1 . 7 . . Successful 22 | . 2 . 4 3 . 3 1 . 2 2 . . 1 . 4 . . Failed 24 | . 1 . 3 2 . 9 . . 3 . . 3 . . 3 . . Catastrophic 4 | . . . 1 . . 1 . . . . . 2 . . . . . Database Lockouts . | . . . . . . . . . . . . . . . . . . Manual 8 | . 1 . 1 3 . . . . . . . . . . 3 . . Terminals 32 | . . . 7 4 . 9 . . 5 . . 3 . . 4 . . Fabricators . | . . . . . . . . . . . . . . . . . . Repair Stations . | . . . . . . . . . . . . . . . . . . Recycling Units 9 | . 3 . . . . 3 . . . . . . . . 3 . . Scanalyzers . | . . . . . . . . . . . . . . . . . . Garrison Access 4 | . . . . 1 . . 1 . . 2 . . . . . . . Terminal Hacks 11 | . . . 4 1 . 1 . . 2 . . . 1 . 2 . . Prototype ID Bank 2 | . . . 1 . . . . . 1 . . . . . . . . Open Door 1 | . . . . . . . . . . . . . 1 . . . . Level Access Points 1 | . . . . . . . . . . . . . . . 1 . . Branch Access Points 1 | . . . 1 . . . . . . . . . . . . . . Emergency Access Points 1 | . . . 1 . . . . . . . . . . . . . . Alert Level 1 | . . . . . . 1 . . . . . . . . . . . Locate Traps 1 | . . . . . . . . . . . . . . . 1 . . Dispatch Records 1 | . . . . 1 . . . . . . . . . . . . . Zone Layout 2 | . . . 1 . . . . . 1 . . . . . . . . Fabricator Hacks . | . . . . . . . . . . . . . . . . . . Repair Station Hacks . | . . . . . . . . . . . . . . . . . . Recycling Unit Hacks 4 | . 1 . . . . 2 . . . . . . . . 1 . . Retrieve Matter 1 | . . . . . . 1 . . . . . . . . . . . Retrieve Components 3 | . 1 . . . . 1 . . . . . . . . 1 . . Scanalyzer . | . . . . . . . . . . . . . . . . . . Garrison Access Hacks 4 | . . . . 1 . . 1 . . 2 . . . . . . . Unlock Access 3 | . . . . 1 . . 1 . . 1 . . . . . . . Coupler Status 1 | . . . . . . . . . . 1 . . . . . . . Unauthorized Hacks 3 | . 1 . . 1 . . . . . . . . . . 1 . . Terminals 2 | . . . . 1 . . . . . . . . . . 1 . . Assimilate 1 | . . . . 1 . . . . . . . . . . . . . Operators 1 | . . . . . . . . . . . . . . . 1 . . Fabricators . | . . . . . . . . . . . . . . . . . . Repair Stations . | . . . . . . . . . . . . . . . . . . Recycling Units 1 | . 1 . . . . . . . . . . . . . . . . Mask 1 | . 1 . . . . . . . . . . . . . . . . Scanalyzers . | . . . . . . . . . . . . . . . . . . Garrison Access . | . . . . . . . . . . . . . . . . . . Data Cores Recovered . | . . . . . . . . . . . . . . . . . . Used . | . . . . . . . . . . . . . . . . . . Hacking Detections 12 | . . . 2 2 . 2 1 . 2 1 . 1 . . 1 . . Full Trace Events 5 | . . . 1 . . 2 . . 1 . . 1 . . . . . Feedback Events 1 | . . . 1 . . . . . . . . . . . . . . Corruption 1 | . . . 1 . . . . . . . . . . . . . . Feedback Blocked . | . . . . . . . . . . . . . . . . . . Robot Schematics Acquired . | . . . . . . . . . . . . . . . . . . Robots Built . | . . . . . . . . . . . . . . . . . . Matter . | . . . . . . . . . . . . . . . . . . Time . | . . . . . . . . . . . . . . . . . . Total Robot Build Rating . | . . . . . . . . . . . . . . . . . . Part Schematics Acquired . | . . . . . . . . . . . . . . . . . . Parts Built . | . . . . . . . . . . . . . . . . . . Matter . | . . . . . . . . . . . . . . . . . . Time . | . . . . . . . . . . . . . . . . . . Total Part Build Rating . | . . . . . . . . . . . . . . . . . . Parts Repaired . | . . . . . . . . . . . . . . . . . . Time . | . . . . . . . . . . . . . . . . . . Parts Recycled . | . . . . . . . . . . . . . . . . . . Recycled Matter . | . . . . . . . . . . . . . . . . . . Retrieved Matter . | . . . . . . . . . . . . . . . . . . Retrieved Components 4 | . . . . . . 1 . . . . . . . . 3 . . Parts Scanalyzed . | . . . . . . . . . . . . . . . . . . Part Schematics Acquired . | . . . . . . . . . . . . . . . . . . Parts Damaged . | . . . . . . . . . . . . . . . . . . Bothacking | -11 -10 -10 -9 -9 -9 -9 -7 -7 -7 -6 -6 -6 -6 -6 -5 -4 -4 ------------ Run | Scr Mat Min Mat Sto Gar Rec Fac Gar Fac Fac Gar Fac Low Low Fac Fac Was Used RIF Installer 2 | . . . . . 1 . . . . . 1 . . . . . . Hotswap 1 | . . . . . . . . . . . 1 . . . . . . Robots Hacked . | . . . . . . . . . . . . . . . . . . Non-combat . | . . . . . . . . . . . . . . . . . . Combat . | . . . . . . . . . . . . . . . . . . Robot Hacks Applied . | . . . . . . . . . . . . . . . . . . Relay Couplers Released 17 | . . . . . 3 . . 5 . . 9 . . . . . . Machine Destruction 17 | . . . . . 3 . . 5 . . 9 . . . . . . Attached 2 | . . . . . . . . . 1 . 1 . . . . . . Robots Rewired . | . . . . . . . . . . . . . . . . . . Allies Hacked . | . . . . . . . . . . . . . . . . . . Hacks Repelled . | . . . . . . . . . . . . . . . . . . Allies | -11 -10 -10 -9 -9 -9 -9 -7 -7 -7 -6 -6 -6 -6 -6 -5 -4 -4 -------- Run | Scr Mat Min Mat Sto Gar Rec Fac Gar Fac Fac Gar Fac Low Low Fac Fac Was Total Allies 3 | . . 2 . . . . . . . . . . . . . . 1 Largest Group 2 | . . 2 2 . . . . . . . . . . . . . 1 Highest-Rated Group 46 | . . 46 46 . . . . . . . . . . . . . 46 Highest-Rated Ally 46 | . . 31 31 . . . . . . . . . . . . . 46 Total Orders . | . . . . . . . . . . . . . . . . . . Ally Attacks 18 | . . . 8 . . . . . . . . . . . . . 10 Total Damage 347 | . . . 108 . . . . . . . . . . . . . 239 Kills 3 | . . . 3 . . . . . . . . . . . . . . Allies Corrupted . | . . . . . . . . . . . . . . . . . . Allies Melted . | . . . . . . . . . . . . . . . . . . Intel | -11 -10 -10 -9 -9 -9 -9 -7 -7 -7 -6 -6 -6 -6 -6 -5 -4 -4 ------- Run | Scr Mat Min Mat Sto Gar Rec Fac Gar Fac Fac Gar Fac Low Low Fac Fac Was Robot Analysis Total . | . . . . . . . . . . . . . . . . . . Derelict Logs Recovered 1 | . . . . . . . . . . . . . 1 . . . . Drone Launches . | . . . . . . . . . . . . . . . . . . Drone Recoveries . | . . . . . . . . . . . . . . . . . . Exploration | -11 -10 -10 -9 -9 -9 -9 -7 -7 -7 -6 -6 -6 -6 -6 -5 -4 -4 ------------- Run | Scr Mat Min Mat Sto Gar Rec Fac Gar Fac Fac Gar Fac Low Low Fac Fac Was Turns Passed 5933 | . 256 473 336 351 468 233 83 629 279 645 641 416 584 113 81 221 124 Spaces Moved 3293 | 1 145 273 158 78 362 233 69 336 129 384 281 235 329 59 49 117 55 Core 51 | . . . . . . . . . . . . . . . . . 51 Treads 454 | . . 75 158 78 33 . . 110 . . . . . . . . . Legs 1658 | 1 145 198 . . . . . 45 129 92 257 233 329 59 49 117 4 Wheels 2 | . . . . . . . . . . . . 2 . . . . . Hover 1128 | . . . . . 329 233 69 181 . 292 24 . . . . . . Flight . | . . . . . . . . . . . . . . . . . . Fastest Speed 50 | 120 120 150 160 160 76 76 65 65 150 60 110 120 150 150 150 150 50 Average Speed 128 | 120 144 152 160 160 84 76 68 117 158 122 146 150 150 150 150 150 57 Slowest Speed 270 | 120 150 160 160 180 160 76 76 270 240 160 150 210 150 150 150 150 150 Overloaded Moves . | . . . . . . . . . . . . . . . . . . Propulsion Burnouts . | . . . . . . . . . . . . . . . . . . Robots Hopped . | . . . . . . . . . . . . . . . . . . Cave-ins Triggered . | . . . . . . . . . . . . . . . . . . Exploration Rate (%) 26 | 2 32 66 30 21 51 52 2 36 3 12 58 9 53 17 2 3 32 Regions Visited 17 Branch Regions 5 Pre-discovered Areas 1 | . . . . . . . . . . . . . 1 . . . . Known Exits Taken 5 | . . . 1 1 . . 1 . . 1 . . . . 1 . . Unknown Exits Taken 8 | 1 1 1 . . . 1 . . 1 . . 1 1 1 . . . Scrap Searched 3 | . . 2 . . . . . . . . . . 1 . . . . Spaces Dug 10 | . . . 9 . 1 . . . . . . . . . . . . Terrain Destroyed 483 | . . 29 81 . 79 44 50 105 4 16 57 4 10 1 . 1 2 Melee 1 | . . . . . 1 . . . . . . . . . . . . Projectile 34 | . . . . . . . . 1 4 9 2 4 10 1 . 1 2 AOE 448 | . . 29 81 . 78 44 50 104 . 7 55 . . . . . . Terrain Rammed . | . . . . . . . . . . . . . . . . . . Walls Destroyed . | . . . . . . . . . . . . . . . . . . Machines Disabled . | . . . . . . . . . . . . . . . . . . Actions | -11 -10 -10 -9 -9 -9 -9 -7 -7 -7 -6 -6 -6 -6 -6 -5 -4 -4 --------- Run | Scr Mat Min Mat Sto Gar Rec Fac Gar Fac Fac Gar Fac Low Low Fac Fac Was Total 4275 | . 168 307 196 182 459 263 88 480 178 499 405 275 377 69 57 144 128 Wait 116 | . . 5 3 3 1 . . 26 . 37 8 2 10 . 7 5 9 Move 3278 | . 144 272 157 77 361 232 68 335 128 384 280 234 328 58 48 117 55 Hop . | . . . . . . . . . . . . . . . . . . Pick Up 159 | . 6 6 4 10 16 5 6 21 16 18 19 11 7 1 1 9 3 Fast Attach . | . . . . . . . . . . . . . . . . . . Attach 90 | . 2 2 1 8 4 2 5 17 9 14 12 4 2 1 1 3 3 Detach 1 | . . . . . . . . . . . . . . . . . 1 Swap 39 | . . 4 4 4 6 2 . 3 4 2 4 2 3 . . . 1 Drop 87 | . 3 5 2 1 14 3 1 6 8 9 11 9 6 2 . 1 6 Fire 399 | . 13 13 25 79 29 19 8 55 13 22 56 13 21 7 . 9 17 Melee 41 | . . . . . 28 . . . . 13 . . . . . . . Ram 33 | . . . . . . . . . . . . . . . . . 33 Kick . | . . . . . . . . . . . . . . . . . . Crush 6 | . . . . . . . . 6 . . . . . . . . . Escape Stasis 26 | . . . . . . . . 11 . . 15 . . . . . . Rewire . | . . . . . . . . . . . . . . . . . . Trap . | . . . . . . . . . . . . . . . . . . Miscellaneous . | . . . . . . . . . . . . . . . . . . Route ------- -11/Scrapyard -10/Materials -10/Mines -9/Materials (discovered 4 exits: [*Mat] / Min / *Sto x2) -9/Storage -9/Garrison -9/Recycling -7/Factory -7/Garrison -7/Factory -6/Factory -6/Garrison -6/Factory -6/Lower Caves -6/Lower Caves -5/Factory (discovered 4 exits: *Fac x4) -4/Factory -4/Waste History --------- Turn | Location | Event 1 | -11/Scrapyard | Discovered new exit (range 0) 1 | -11/Scrapyard | Entered Materials 240 | -10/Materials | Discovered new exit (range 11) 257 | -10/Materials | Entered Mines 306 | -10/Mines | Build established: Mutant 575 | -10/Mines | Joined a pair of Derelicts in attacking an 0b10 outpost 708 | -10/Mines | Discovered new exit (range 15) 730 | -10/Mines | Entered Materials 730 | -9/Materials | Accompanied by 2 allies 730 | -9/Materials | Evolved 2 slots: Power x1, Utility x1 735 | -9/Materials | Led the pair of lost Derelicts to an unsafe place 899 | -9/Materials | Discovered new exit (range 15) 928 | -9/Materials | Identified exit to Mines 928 | -9/Materials | Identified exit to Storage 1066 | -9/Materials | Entered Storage 1124 | -9/Storage | Garrison activated, responded to threat 1294 | -9/Storage | Garrison activated, responded to threat 1338 | -9/Storage | Destroyed 9 combat bots 1412 | -9/Storage | Identified exit to Garrison 1417 | -9/Storage | Entered Garrison 1425 | -9/Garrison | Installed Relay Interface Framework 1560 | -9/Garrison | Triggered checkpoint 1585 | -9/Garrison | Garrison Relay disabled 1739 | -9/Garrison | Core integrity fell below 50% 1744 | -9/Garrison | Build established: Scavenger-Mutant 1768 | -9/Garrison | Lost 3 parts (2p1w) 1808 | -9/Garrison | Triggered checkpoint 1833 | -9/Garrison | Destroyed 7 combat bots 1855 | -9/Garrison | Core integrity fell below 20% 1878 | -9/Garrison | Discovered new exit (range 9) 1885 | -9/Garrison | Entered Recycling 1909 | -9/Recycling | Spotter reported a threat 1919 | -9/Recycling | Spotter reported a threat 1923 | -9/Recycling | Spotter reported a threat 1928 | -9/Recycling | Spotter reported a threat 1962 | -9/Recycling | Spotter reported a threat 2099 | -9/Recycling | Discovered new exit (range 16) 2100 | -9/Recycling | Spotter reported a threat 2118 | -9/Recycling | Entered Factory 2118 | -7/Factory | Evolved 4 slots: Propulsion x1, Utility x2, Weapon x1 2174 | -7/Factory | Garrison activated, responded to threat 2197 | -7/Factory | Identified exit to Garrison 2201 | -7/Factory | Entered Garrison 2209 | -7/Garrison | Destroyed 7 combat bots 2250 | -7/Garrison | Lost 4 parts (2p2u) 2253 | -7/Garrison | Found Launcher Loader 2326 | -7/Garrison | Triggered checkpoint 2403 | -7/Garrison | Garrison Relay disabled 2436 | -7/Garrison | Triggered checkpoint 2452 | -7/Garrison | Triggered checkpoint 2491 | -7/Garrison | Destroyed 9 combat bots 2494 | -7/Garrison | Lost 8 parts (1p2n2u3w) 2603 | -7/Garrison | Lost 3 parts (1n2w) 2694 | -7/Garrison | Triggered checkpoint 2816 | -7/Garrison | Discovered new exit (range 9) 2830 | -7/Garrison | Entered Factory 2967 | -7/Factory | Core integrity fell below 50% 3094 | -7/Factory | Discovered new exit (range 10) 3109 | -7/Factory | Entered another Factory area 3109 | -6/Factory | Evolved 2 slots: Utility x2 3547 | -6/Factory | Lost 5 parts (2p1u2w) 3707 | -6/Factory | Lost 4 parts (1p1n2w) 3754 | -6/Factory | Identified exit to Garrison 3754 | -6/Factory | Entered Garrison 3760 | -6/Garrison | Expanded RIF knowledge: Hotswap 3833 | -6/Garrison | Core integrity fell below 50% 3851 | -6/Garrison | Lost 4 parts (1p3u) 3920 | -6/Garrison | Triggered checkpoint 3971 | -6/Garrison | Garrison Relay disabled 4096 | -6/Garrison | Triggered checkpoint 4176 | -6/Garrison | Triggered checkpoint 4225 | -6/Garrison | Build established: Scavenger-Tank 4256 | -6/Garrison | Phase Generator disabled 4280 | -6/Garrison | Garrison Relay disabled 4384 | -6/Garrison | Discovered new exit (range 8) 4395 | -6/Garrison | Entered Factory 4750 | -6/Factory | Discovered new exit (range 12) 4811 | -6/Factory | Entered Lower Caves 4976 | -6/Lower Caves | Spotted B-75 Beast 5011 | -6/Lower Caves | Destroyed B-75 Beast 5015 | -6/Lower Caves | Learned location of Extension (-6) 5381 | -6/Lower Caves | Discovered new exit (range 9) 5395 | -6/Lower Caves | Entered another Lower Caves area 5496 | -6/Lower Caves | Discovered new exit (range 9) 5508 | -6/Lower Caves | Entered Factory 5508 | -5/Factory | Evolved 2 slots: Utility x2 5560 | -5/Factory | Identified exit to Factory 5589 | -5/Factory | Entered another Factory area 5589 | -4/Factory | Evolved 2 slots: Propulsion x1, Utility x1 5805 | -4/Factory | Found Quantum Capacitor 5810 | -4/Factory | Sucked down chute 5810 | -4/Factory | Entered Waste 5811 | -4/Waste | Met a frightened Derelict 5818 | -4/Waste | Spotted C-40 Crusher 5825 | -4/Waste | EMP discharged 5839 | -4/Waste | Crushed by Compactor (1 part destroyed, 1 dropped) 5842 | -4/Waste | Crushed by Compactor (1 part destroyed, 2 dropped) 5844 | -4/Waste | Destroyed C-40 Crusher 5845 | -4/Waste | Crushed by Compactor (1 part destroyed, 1 dropped) 5848 | -4/Waste | Crushed by Compactor (1 part destroyed, 1 dropped) 5851 | -4/Waste | Crushed by Compactor (1 part destroyed, 2 dropped) 5852 | -4/Waste | Crushed by Compactor (0 parts destroyed, 1 dropped) 5854 | -4/Waste | Crushed by Compactor (1 part destroyed) 5856 | -4/Waste | Spotted C-40 Crusher 5856 | -4/Waste | Spotted C-40 Crusher 5856 | -4/Waste | Spotted C-40 Crusher 5858 | -4/Waste | Crushed by Compactor (1 part destroyed) 5860 | -4/Waste | Found Damper Plating 5889 | -4/Waste | Lost 8 parts (2p1n2u3w) 5903 | -4/Waste | System corruption reached 10% 5917 | -4/Waste | Core integrity fell below 50% 5925 | -4/Waste | EMP discharged 5926 | -4/Waste | Core integrity fell below 20% 5934 | -4/Waste | Destroyed by C-40 Crusher with Compactor Last Messages --------------- 05923_ Slammed into C-40 Crusher. 05924_ Destabilizing: System corrupted (+2). 05925_ 3 Matter fried beyond repair. 05925_ System corrupted (+4). 05925_ 2 Matter fried beyond repair. 05925_ 2 Matter crushed. 05925_ Slammed into C-40 Crusher. 05925_ 3 Matter crushed. 05926_ Slammed into C-40 Crusher. 05928_ 5 Matter crushed. 05928_ Slammed into C-40 Crusher. 05928_ Destabilizing: Core damaged (-46). 05928_ 3 Matter crushed. 05929_ Slammed into C-40 Crusher. 05931_ 4 Matter crushed. 05931_ Slammed into C-40 Crusher. 05931_ 4 Matter crushed. 05931_ 3 Matter crushed. 05932_ Slammed into C-40 Crusher. 05934_ 5 Matter crushed. Map ----- +----------------------------------------------------+ | ?????????????????????????????????????????????????? | | ?????????????????????????????????????????????????? | | ?????????????????????????????????????????????????? | | ?????????????????????????????????????????????????? | | ?????????????????????????????????????????????????? | | ?????????????????????????????????????????????????? | | ?????????????????????????????????????????????????? | | ?????????????????????????????????????????????????? | | ?????????????????????????????????????????????????? | | ?????????????????????????????????????????????????? | | ?????????????????????????????????????????????????? | | ?????????????????????????????????????????????????? | | ?????????????????????????????????????????????????? | | ?????????????????????????????????????????????????? | | ?????????????????????????????????????????????????? | | ?????????????????????????????????????????????????? | | ?????????????????????????????????????????????????? | | ?????????????????????????????????????????????????? | | ?????????????????????????????????????????????????? | | ?????????????????????????????????????????????????? | | ?????????????????????????????????????????????????? | | ?????????????????????????????????????????????????? | | ?????????????????????######??????????????????????? | | ?????????????????????# #??????????????????????? | | ?????????????????????# CC%#??????????????????????? | | ?????????????????????# CC@#??????????????????????? | | ?????????????????????# CC#??????????????????????? | | ???????????????????###CCCC#??????????????????????? | | ???????????????????# CC #??????????????????????? | | ???????????????????# #??????????????????????? | | ???????????????????# #??????????????????????? | | ???????????????????# #??????????????????????? | | ???????????????????### #??????????????????????? | | ???????############??# #??????????????????????? | | ???????# !#??# #???????????#??????????? | | ???????# #??# #????????? #??????????? | | ???????# != #### ######## #??????????? | | ???????# #??????????? | | ???????# C #??????????? | | ???????# " C #??????????? | | ???????# " #??????????? | | ???????# #### ######## #??????????? | | ???????# #??# #???????? #??????????? | | ???????# #??# #?????????? #??????????? | | ???????############??# #??????????????????????? | | ?????????????????????# #??????????????????????? | | ????????????????????? #??????????????????????? | | ???????????????????? #??????????????????????? | | ???????????????????# #??????????????????????? | | ???????????????????# #??????????????????????? | +----------------------------------------------------+ Best States ------------- Heat Dissipation 78 Energy Generation 33 Energy Capacity 530 Matter Stores 550 Matter Capacity 550 Sight Range 18 Terrain Scan Density 10 Armor Coverage 900 Resistance: KI 45 Resistance: TH 20 Resistance: EX 45 Resistance: EM 20 Resistance: I 20 Resistance: S 20 Resistance: P 20 Core Shielding 20 Point Defense Rating 160 Evasion (%) 53 Targeting Accuracy 5 Launcher Accuracy 20 Target Analysis 6 Recoil Reduction 2 Offensive Hacking 10 Relay Coupler Types 34 Relay Coupler Value 1 Item Schematics ----------------- None Robot Schematics ------------------ None Fabricated ------------ Nothing Alien Tech Used ----------------- None Achievements -------------- Part-time Excavator Challenges ------------ None Game ------ Seed MappingCoordinationSuite Manual? 0 Play Time 01:10:01 Cumulative 47.0 hours Start 2022.02.02 @ 23:11:29 End 2022.02.03 @ 00:18:32 Sessions 1 Manual Loads 0 Difficulty Adventurer Special Mode None Game No. 84 Rogue 83 Adventurer 1 Explorer 0 Win Type - Total 0 Types 0/0/0/0/0/0/0/0/0 Lore% 36 Gallery% 48 Achievement% 28 Wizard Run 0 Options --------- ASCII 0 Keyboard 0 Movement Mouse Keybinds 0 Fullscreen 2 Font 20/Terminus Map View 66x50 Tactical HUD 1 Map Filters NONE Filters NONE Steam 1 RUN: cd623bfc-f1f5-4061-a6c1-c3a0ccb0f6af